 Dungeon Crawl Stone Soup version 0.30-a0-1114-gd936c97349 (webtiles) character file.

Game seed: 5849496879761735950

6659 IdlyInterested the Fighter (level 10, -1/96 HPs)
             Began as a Demonspawn Gladiator on Apr 20, 2023.
             Was a Priest of Ashenzari.
             Slain by a yak (9 damage)
             ... on level 9 of the Dungeon.
             The game lasted 00:31:55 (8913 turns).

IdlyInterested the Fighter (Demonspawn Gladiator)   Turns: 8913, Time: 00:31:56

Health: -1/96      AC: 15    Str: 18    XL:     10   Next: 73%
Magic:  0/10       EV: 15    Int: 10    God:    Ashenzari [***...]
Gold:   275        SH:  5    Dex: 15    Spells: 9/9 levels left

rFire   + . .      SeeInvis +    a - +0 war axe of the Fated Pantheism {Evo, Fort} (curse)
rCold   . . .      Faith    .    Q - +0 buckler "Shackled Sorrow" {Evo, Self} (curse)
rNeg    . . .      Spirit   +    G - +0 plate armour of Ashenzari's Pessimism {Bglg, Evo} (curse)
rPois   .          Reflect  .    I - +1 hat
rElec   .          Rampage  .    (no cloak)
rCorr   .          Clarity  +    D - +0 pair of gloves
Will    .....                    (boots unavailable) Stlth
                                 w - amulet "Bound Stickiness" {Spirit, Bglg, Melee} (curse)
HPRegen 0.36/turn                p - ring "Lashed Fortune-Teller" {EV+5, Self, Fort} (curse)
MPRegen 0.12/turn                U - ring of protection from fire

@: no status effects
A: hooves 3, ignite blood 2, sturdy frame 2
a: Renounce Religion, Shatter the Chains


You were on level 9 of the Dungeon.
You worshipped Ashenzari.
Ashenzari was most pleased with you.
You visited 2 branches of the dungeon, and saw 10 of its levels.

You collected 485 gold pieces.
You spent 210 gold pieces at shops.

Inventory:

Hand Weapons
 a - the cursed +0 war axe of the Fated Pantheism (weapon) {Evo, Fort}

   It has a curse which improves the following skills: Evocations: Evocations.
   Fortitude: Armour and Shields.
 r - a +0 war axe
 L - a +0 war axe
 P - the +5 flail of Yroz {heavy, Dex+4}
   (You took it off a gnoll on level 7 of the Dungeon)

   Dex:       It affects your dexterity (+4).
Missiles
 d - 3 throwing nets
 e - a javelin
 g - 104 stones
 m - 25 poisoned darts (quivered)
 F - 9 boomerangs
 S - 5 atropa-tipped darts
Armour
 c - a +0 helmet
 q - a +0 helmet
 t - a +1 ring mail of positive energy
 u - a +0 helmet
 D - a +0 pair of gloves (worn)
 G - the cursed +0 plate armour of Ashenzari's Pessimism (worn) {Bglg, Evo}
   (You found it on level 5 of the Dungeon)

   It has a curse which improves the following skills: Beguiling: Conjurations,
   Hexes and Translocations.
   Evocations: Evocations.
 I - a +1 hat (worn)
 N - a +0 plate armour
 Q - the cursed +0 buckler "Shackled Sorrow" (worn) {Evo, Self}
   (You took it off a gnoll sergeant on level 7 of the Dungeon)

   It has a curse which improves the following skills: Evocations: Evocations.
   Introspection: Fighting and Spellcasting.
 T - a +0 scale mail of fire resistance
Jewellery
 p - the cursed ring "Lashed Fortune-Teller" (left hand) {EV+5, Self, Fort}
   (You found it on level 1 of the Dungeon)

   [ring of evasion]

   EV:        It affects your evasion (+5).
   It has a curse which improves the following skills: Introspection: Fighting
   and Spellcasting.
   Fortitude: Armour and Shields.
 w - the cursed amulet "Bound Stickiness" (around neck) {Spirit, Bglg, Melee}
   (You took it off an orc on level 3 of the Dungeon)

   [amulet of guardian spirit]

   It causes incoming damage to be divided between your reserves of health and
   magic.
   It has a curse which improves the following skills: Beguiling: Conjurations,
   Hexes and Translocations.
   Melee Combat: Short Blades, Long Blades, Axes, Maces & Flails, Polearms,
   Staves and Unarmed Combat.
 U - a ring of protection from fire (right hand)
Wands
 y - a wand of roots (14)
 K - a wand of digging (7)
 M - a wand of flame (15)
 O - a wand of mindburst (17)
 W - a wand of polymorph (11)
Scrolls
 h - 3 scrolls of enchant weapon
 i - a scroll of enchant armour
 k - 6 scrolls of teleportation
 l - 2 scrolls of vulnerability
 x - 2 scrolls of fear
 A - a scroll of fog
 H - 3 scrolls of immolation
 J - 2 scrolls of amnesia
 R - a scroll of blinking
 V - a scroll of torment
Potions
 b - 2 potions of flight
 f - a potion of mutation
 j - a potion of resistance
 n - a potion of attraction
 o - 2 potions of might
 s - a potion of invisibility
 v - 3 potions of curing
 z - a potion of lignification
 B - a potion of cancellation
 C - 2 potions of berserk rage


   Skills:
 * Level 12.9(15.1) Fighting
 - Level 2.6(3.9) Axes
 - Level 5.0 Throwing
 - Level 4.0(6.0) Armour
 + Level 5.7 Dodging
 - Level 3.4(5.4) Shields
 - Level 3.0(5.5) Evocations


You had 9 spell levels left.
You didn't know any spells.
Your spell library contained the following spells:

 Spells                   Type           Power      Damage    Failure   Level
 Apportation              Tloc           0%         N/A       98%         1
 Beastly Appendage        Tmut           0%         N/A       98%         1
 Foxfire                  Conj/Fire      0%         2x1d4     98%         1
 Necrotise                Necr           0%         1d4       98%         1
 Summon Small Mammal      Summ           0%         N/A       98%         1
 Lesser Beckoning         Tloc           0%         N/A       99%         2
 Wereblood                Tmut           0%         N/A       99%         2
 Frozen Ramparts          Ice            0%         1d1       100%        3
 Gell's Gravitas          Tloc           0%         N/A       100%        3
 Hailstorm                Conj/Ice       0%         3d3       100%        3
 Spider Form              Tmut/Pois      0%         N/A       100%        3
 Teleport Other           Tloc           0%         N/A       100%        3
 Ice Form                 Ice/Tmut       0%         N/A       100%        4
 Summon Ice Beast         Ice/Summ       0%         N/A       100%        4
 Fireball                 Conj/Fire      0%         3d3       100%        5
 Plasma Beam              Fire/Air       0%         2x1d11    100%        6
 Simulacrum               Ice/Necr       0%         N/A       100%        6
 Starburst                Conj/Fire      0%         6d3       100%        6


Dungeon Overview and Level Annotations

Branches:
Dungeon (9/15)             Temple (1/1) D:5
   Lair: D:8-11         Orc: D:9-12

Altars:
Ashenzari
Cheibriados
Dithmenos
Fedhas
Hepliaklqana
Kikubaaqudgha
Makhleb
Nemelex Xobeh
Qazlal
Ru
Sif Muna
Trog
Uskayaw
Vehumet
Wu Jian
Xom
Yredelemnul

Shops:
D:1 *=?   D:4 :


Innate Abilities, Weirdness & Mutations

You have hooves in place of feet.
Your demonic aura often causes spilled blood to erupt in flames.
Your movements are less encumbered by armour. (ER -4)


Message History

The yak is moderately wounded.
You barely miss the yak. The yak gores you but does no damage.
You block the yak's attack. The yak gores you!
* * * LOW HITPOINT WARNING * * *
The yak is engulfed in blazing flames.
The yak closely misses you.
Unknown command.
You barely miss the orc priest. You hit the yak but do no damage.
You barely miss the yak.
The yak is engulfed in blazing flames.
The yak barely misses you.
The orc priest invokes the aid of Beogh against you.
Pain shoots through your body!
* * * LOW HITPOINT WARNING * * *
The yak gores you.
* * * LOW HITPOINT WARNING * * *
The yak misses you.
The orc priest hits you but does no damage.
The yak is engulfed in blazing flames.
The yak gores you.
* * * LOW HITPOINT WARNING * * *
You feel much better. The yak gores you.
* * * LOW HITPOINT WARNING * * *
The orc priest invokes the aid of Beogh against you.
Beogh smites you!
* * * LOW HITPOINT WARNING * * *
The yak gores you.
* * * LOW HITPOINT WARNING * * *
The yak completely misses you. The orc priest closely misses you.
The yak barely misses you.
As you read the scroll of fear, it crumbles to dust.
You assume a fearsome visage.
The two-headed ogre looks frightened!
The yak looks frightened! x2; The orc warrior looks frightened!
The orc priest looks frightened!
The two-headed ogre is engulfed in noxious fumes.
The two-headed ogre cowers, then darts away.
The two-headed ogre is engulfed in noxious fumes.
Items here: )) [ †.
You feel yourself speed up.
Cornered, the yak turns to fight!
Found a stone staircase leading down.
The yak gores you!
You die...

,
,.....o...........
, ,
.................,
, , ,
.≈≈≈≈§/.<........
≈≈~.~§≈.)))......
,
,≈~.°○§§..........
≈~~_()≈.))....$..
,
§§§.§§§....?.....
≈≈~.§≈§.Y........
!≈≈.§§###@#######
....##* #.# ,
*,### #.# #.# , *
, * *#.# * , ,, ,
,, ,..., * ,.># *
* , , ,..# * *


You could see a yak.

Vanquished Creatures
  A two-headed ogre (D:8)
  Pikel (D:8)
  The ghost of LustLizard the Chiller, a novice DgIE (D:6)
  A cyclops (D:9)
  Psyche (D:8)
  A spectral unseen horror (D:6)
  An unseen horror skeleton (D:6)
  Sigmund (D:5)
  2 wraiths (D:9)
  3 yaks (D:8)
  An unseen horror simulacrum (D:6)
  A steam dragon (D:9)
  Menkaure (D:7)
  A water moccasin (D:4)
  An ice beast (D:6)
  A sky beast (D:4)
  An orc warrior (D:9)
  3 black bears
  2 ogres
  3 centaurs
  2 phantoms
  2 bullfrogs
  2 kobold brigands
  2 gnoll sergeants
  2 scorpions
  5 wights (D:8)
  4 killer bees (D:8)
  6 howler monkeys
  4 orc priests
  5 hounds
  A jelly (D:5)
  5 iguanas
  2 sleepcaps
  5 orc wizards
  A centaur simulacrum (D:6)
  A mummy (D:6)
  13 adders
  12 gnolls
  A white imp (D:6)
  2 dart slugs
  19 orcs
  3 bats
  5 endoplasms
  6 goblins
  11 hobgoblins
  5 jackals (D:4)
  12 kobolds
  2 quokkas (D:4)
  6 ball pythons
  2 frilled lizards
  A hobgoblin zombie (D:6)
  A kobold zombie (D:6)
  2 orc zombies (D:6)
  A rat (D:1)
181 creatures vanquished.

Vanquished Creatures (others)
  A wyvern (D:9)
  An orc warrior (D:9)
  A kobold brigand (D:9)
  An orc priest (D:9)
  5 plants (D:2)
9 creatures vanquished.

Grand Total: 190 creatures vanquished

Notes
Turn   | Place    | Note
-------+----------+-------------------------------------------
     0 | D:1      | IdlyInterested the Demonspawn Gladiator began the quest for
                  | the Orb.
     0 | D:1      | Reached XP level 1. HP: 16/16 MP: 1/1
   202 | D:1      | Reached skill level 1 in Armour
   252 | D:1      | Gained mutation: You have large cloven feet. [demonic
                  | ancestry]
   252 | D:1      | Reached XP level 2. HP: 22/22 MP: 2/2
   363 | D:1      | Found Siul's Jewellery Emporium.
   474 | D:1      | Found Riren's Assorted Antiques.
   479 | D:1      | Bought a scroll labelled KELLOIMMINK for 27 gold pieces
   479 | D:1      | Bought a bubbling yellow potion for 24 gold pieces
   479 | D:1      | Bought a scroll labelled SUSCHO EHAINWIDWY for 27 gold
                  | pieces
   680 | D:1      | Found Qilozxa's Magic Scroll Emporium.
  1075 | D:2      | Reached XP level 3. HP: 28/28 MP: 3/3
  1135 | D:1      | Bought a bubbling amethyst potion for 24 gold pieces
  1567 | D:2      | Reached skill level 3 in Fighting
  1567 | D:2      | Reached XP level 4. HP: 35/35 MP: 4/4
  2006 | D:3      | Identified the +8 arbalest of the Hall of Blades {speed,
                  | rElec rPois}
  2254 | D:3      | Gained mutation: Your movements are slightly less
                  | encumbered by armour. (ER -2) [demonic ancestry]
  2254 | D:3      | Reached XP level 5. HP: 41/41 MP: 5/5
  2332 | D:3      | Found a faded altar of an unknown god.
  2492 | D:3      | Found a shadowy altar of Dithmenos.
  2492 | D:3      | Found a bloodstained altar of Trog.
  2497 | D:3      | Found a shimmering blue altar of Sif Muna.
  2499 | D:3      | Found a faded altar of an unknown god.
  2500 | D:3      | Found a snail-covered altar of Cheibriados.
  2578 | D:1      | Bought a glowing glass wand for 108 gold pieces
  2840 | D:4      | Noticed a water moccasin
  2855 | D:4      | Killed a water moccasin
  2856 | D:4      | Reached skill level 4 in Fighting
  3040 | D:4      | Found Fuics's Book Shoppe.
  3074 | D:4      | Gained mutation: Your demonic aura sometimes causes spilled
                  | blood to erupt in flames. [demonic ancestry]
  3074 | D:4      | Reached XP level 6. HP: 34/48 MP: 3/6
  3235 | D:4      | Found a broken altar of Ashenzari.
  3255 | D:4      | Reached skill level 5 in Fighting
  3255 | D:4      | Reached skill level 1 in Evocations
  3416 | D:4      | Found a hide-covered altar of Uskayaw.
  3426 | D:4      | Noticed a sky beast
  3444 | D:4      | Killed a sky beast
  3445 | D:4      | Gained mutation: Your movements are less encumbered by
                  | armour. (ER -4) [demonic ancestry]
  3445 | D:4      | Reached XP level 7. HP: 53/56 MP: 7/7
  3504 | D:4      | Became a worshipper of Ashenzari the Shackled
  3813 | D:5      | Entered Level 5 of the Dungeon
  3813 | D:5      | Noticed Sigmund
  3816 | D:5      | Killed Sigmund
  3817 | D:5      | Reached skill level 6 in Fighting
  4224 | D:5      | Gained mutation: You have hoof-like feet. [demonic
                  | ancestry]
  4224 | D:5      | Reached XP level 8. HP: 43/65 MP: 5/8
  4316 | D:5      | Found a staircase to the Ecumenical Temple.
  4516 | Temple   | Entered the Ecumenical Temple
  4579 | D:5      | Reached skill level 7 in Fighting
  5382 | D:6      | Reached * piety under Ashenzari
  5708 | D:6      | Found a runed translucent gate.
  5709 | D:6      | Found a runed translucent gate.
  5710 | D:6      | Found a runed translucent gate.
  5711 | D:6      | Noticed LustLizard's ghost (novice DgIE)
  5711 | D:6      | Noticed a spectral unseen horror
  5910 | D:6      | Reached skill level 8 in Fighting
  6419 | D:6      | Reached ** piety under Ashenzari
  6572 | D:6      | Reached skill level 9 in Fighting
  6572 | D:6      | Gained mutation: You have hooves in place of feet. [demonic
                  | ancestry]
  6572 | D:6      | Reached XP level 9. HP: 40/78 MP: 5/9
  6575 | D:6      | Killed a spectral unseen horror
  6740 | D:6      | Killed LustLizard's ghost
  6741 | D:6      | Reached skill level 10 in Fighting
  7124 | D:7      | Noticed Menkaure
  7135 | D:7      | Killed Menkaure
  7493 | D:7      | Identified the +5 flail of Yroz {heavy, Dex+4}
  7502 | D:7      | Reached skill level 11 in Fighting
  7888 | D:7      | Reached *** piety under Ashenzari
  7996 | D:7      | Found a stormy altar of Qazlal.
  8069 | D:7      | Found a radiant altar of Vehumet.
  8115 | D:8      | Reached skill level 5 in Dodging
  8215 | D:8      | Noticed Pikel
  8223 | D:8      | Killed Pikel
  8224 | D:8      | Gained mutation: Your demonic aura often causes spilled
                  | blood to erupt in flames. [demonic ancestry]
  8224 | D:8      | Reached XP level 10. HP: 77/92 MP: 8/10
  8356 | D:8      | Noticed a two-headed ogre
  8360 | D:8      | Noticed Psyche
  8374 | D:8      | Killed a two-headed ogre
  8375 | D:8      | Reached skill level 12 in Fighting
  8379 | D:8      | Killed Psyche
  8380 | D:8      | Reached skill level 5 in Throwing
  8885 | D:9      | Noticed a two-headed ogre
  8885 | D:9      | Noticed a cyclops
  8885 | D:9      | Found a shimmering altar of Xom.
  8893 | D:9      | Killed a cyclops
  8907 | D:9      | HP: 2/96 [yak (5)]
  8913 | D:9      | Slain by a yak

Illustrated notes

Levels and vault maps discovered:
D:1:      minmay_arrival_jagged, layout_loops_corners, serial_shops, shop,
          nicolae_shop_waterfront, nicolae_shop_rolling_square, hex_large
D:2:      layout_loops_ring, serial_bayou_lagoon_b
D:3:      layout_rooms, chequers_temple_overflow_minitemple,
          shapermc_ecumenical_altar_pompeii, minmay_tree_intersection
D:4:      layout_loops_cross, mainiacjoe_overflow_concentric_impassable,
          nicolae_ashenzari_skybound, serial_shops, shop,
          minmay_misc_feat_enclosed, kennysheep_generic_room_11
D:5:      layout_loops_ring, minmay_temple_entry_proselytizer, hellmonk_no_cap,
          uniq_sigmund
D:6:      layout_layer_cave, gammafunk_ghost_necromancy, minmay_mini_ossuary
D:7:      layout_basic, general_overflow_altar, mainiacjoe_overflow_alcove_2,
          serial_glass, glass_columns_a, glass_columns_a, glass_columns_b,
          glass_columns_a, uniq_menkaure
D:8:      layout_rooms, david_defended_altar_orc, uniq_pikel, uniq_psyche
D:9:      layout_small_grid, xom_confusion_cloud,
          nicolae_overflow_hidden_temple, serial_park_tiny_pond
Temple:   hellmonk_temple_rainy

Skill      XL: |  1  2  3  4  5  6  7  8  9 10 |
---------------+-------------------------------+-----
Armour         | 1 2 3 4 |  4.0
Fighting       | 3 4 5 6 9 11 12 | 12.9
Dodging        | 3 4 5 |  5.7
Shields        | 2 3 |  3.4
Evocations     | 2 3 |  3.0
Throwing       | 3 4 5 |  5.0
Axes           | |  2.6

Action                     |  1- 3 |  4- 6 |  7- 9 | 10-12 || total
---------------------------+-------+-------+-------+-------++-------
  Melee: War axe           |    77 |   111 |   288 |    64 ||   540
         Kick              |    14 |    35 |    90 |    28 ||   167
         Punch             |       |       |     3 |       ||     3
  Throw: Dart              |       |     5 |     3 |     4 ||    12
         Boomerang         |       |       |     2 |       ||     2
 Invoke: Curse Item        |       |       |     4 |     1 ||     5
  Evoke: Wand              |       |       |     2 |     6 ||     8
    Use: Potion            |       |       |     2 |     2 ||     4
         Scroll            |       |       |       |     1 ||     1
   Stab: Sleeping          |       |       |     1 |       ||     1
 Armour: Ring mail         |    10 |    33 |    16 |       ||    59
         Leather armour    |     1 |       |       |       ||     1
         Chain mail        |    15 |     2 |       |       ||    17
         Plate armour      |       |       |   204 |    43 ||   247
  Dodge: Dodged            |    72 |    95 |   386 |    81 ||   634
  Block: Buckler           |       |       |    21 |    28 ||    49

Table legend: (Time is in decaauts)
 A = Elapsed time spent in this place.
 B = Non-inter-level travel time spent in this place.
 C = Inter-level travel time spent in this place.
 D = Time resting spent in this place.
 E = Time spent auto-exploring this place.
 F = Levels seen in this place.
 G = Mean time per level.
                   A        B        C        D        E       F      G
               +--------+--------+--------+--------+--------+-----+--------+
         Total |   9163 |   8070 |   1093 |   1638 |   4375 |  10 |  916.3 |
       Dungeon |   9125 |   8032 |   1093 |   1638 |   4375 |   9 | 1013.9 |
        Temple |     37 |     37 |      0 |      0 |      0 |   1 |   37.0 |
               +--------+--------+--------+--------+--------+-----+--------+

Top non-repeatable levels by time:
     D:6: 2053 daAuts
     D:5: 1245 daAuts
     D:1: 1237 daAuts
     D:4: 1215 daAuts
     D:7: 954 daAuts
     D:2: 946 daAuts
     D:8: 754 daAuts
     D:3: 674 daAuts
     D:9: 45 daAuts
  Temple: 37 daAuts
